 Dungeon Crawl Stone Soup version 0.20.0-10-g0535bb4 (webtiles) character file.

146 grindst0ne the Shooter (level 5, -5/46 HPs)
             Began as a Centaur Hunter on June 7, 2017.
             Slain by Pikel
             ... wielding a +1 whip of electrocution
              (19 damage)
             ... on level 3 of the Dungeon.
             The game lasted 00:05:12 (2548 turns).

grindst0ne the Shooter (Centaur Hunter)             Turns: 2548, Time: 00:05:13

Health: -5/46      AC:  9    Str: 14    XL:     5   Next: 7%
Magic:  5/5        EV:  7    Int: 10    God:
Gold:   161        SH:  0    Dex: 11    Spells: 4/4 levels left

rFire    + . .     SeeInvis .   a - +1 shortbow
rCold    . . .     Gourm    .   (shield currently unavailable)
rNeg     + . .     Faith    +   x - +0 scale mail
rPois    .         Spirit   .   j - +1 helmet
rElec    .         Reflect  .   (no cloak)
rCorr    .         Harm     .   i - +0 pair of gloves
MR       .....                  (no barding)
Stlth    ..........             z - amulet of faith
Regen    0.2/turn               e - ring of positive energy
MPRegen  0.1/turn               y - ring of protection from fire

@: very quick
A: hooves 3, deformed body, speed 2, tough skin 3
a: no special abilities


You were on level 3 of the Dungeon.
You were not hungry.

You visited 1 branch of the dungeon, and saw 4 of its levels.

You collected 161 gold pieces.

Inventory:

Hand Weapons
 a - a +1 shortbow (weapon)
 b - a +0 short sword
Missiles
 d - 7 arrows (quivered)
Armour
 c - a +0 leather armour
 i - a +0 pair of gloves (worn)
 j - a +1 helmet (worn)
 x - a +0 scale mail (worn)
Jewellery
 e - a ring of positive energy (left hand)
 y - a ring of protection from fire (right hand)
 z - an amulet of faith (around neck)
Wands
 s - a wand of iceblast (9/15)
 w - a wand of iceblast (6/15)
 B - a wand of lightning (8/15)
Scrolls
 k - a scroll of teleportation {unknown}
 l - a scroll of immolation {unknown}
 o - 4 scrolls of amnesia {unknown}
 p - 2 scrolls of fear {unknown}
 q - 3 scrolls of identify {unknown}
 u - a scroll of noise {unknown}
 v - a scroll of remove curse {unknown}
Potions
 g - a potion of curing
 h - a potion of might {unknown}
 r - 2 potions of haste {unknown}
 A - a potion of agility {unknown}
Comestibles
 f - 6 bread rations
 n - 4 fruits
 t - a royal jelly


   Skills:
 + Level 3.8 Fighting
 + Level 7.2 Bows
 - Level 1.3 Dodging
 - Level 0.4 Stealth


You had 4 spell levels left.
You didn't know any spells.

Dungeon Overview and Level Annotations

Branches:
Dungeon (4/15)
 Temple: D:4-7

Altars:
Kikubaaqudgha
Nemelex Xobeh
Qazlal

Annotations:
D:3 Pikel


Innate Abilities, Weirdness & Mutations

You have hooves in place of feet.
Armour fits poorly on your strangely shaped body.
You cover ground very quickly.
You have extremely tough skin. (AC +3)


Message History

You shoot an arrow. The arrow hits Pikel.
Pikel is moderately wounded.
Pikel hits you but does no damage.
Firing (i - inventory):
d - 9 arrows (quivered)
Press: ? - help, Shift-Dir - straight line, f/p - Pikel
Aim: Pikel, wielding a whip of electrocution and wearing a robe (moderately wounded)
You shoot an arrow.
The arrow hits Pikel but does no damage.
Pikel is moderately wounded.
Pikel hits you but does no damage.
You are electrocuted!
Firing (i - inventory):
d - 8 arrows (quivered)
Press: ? - help, Shift-Dir - straight line, f/p - Pikel
Aim: Pikel, wielding a whip of electrocution and wearing a robe (moderately wounded)
You shoot an arrow. The arrow barely misses Pikel.
Pikel hits you but does no damage.
You are electrocuted!
* * * LOW HITPOINT WARNING * * *
You feel better.
Pikel hits you with a whip of electrocution.
You are electrocuted!
You die...

#.## #.##...# ##.#########.####.#
###### #[........##.# #.. .....#
#####.#######.#..# ### ####.#
#.....# ####.## # #.#
#.###.######. #.# P# #.# #.#
#.....##PP#.#..#### #.#
#.###.###..#..#.#PP#...
####.######(...K@....#P.#.#..####
#........####.########.P#.#..#
#.##.###.##.......# #PP#.#.P#
.....# #.##.....#.# # #.# .#
..#### #.##.###.#.# #. #.# P#
..######.##.# #.#.# . #.# .#
.........##.###...# #P.#.#..###
....#######.......####.P#.#..#.##
.....................#P.#.#..#.'.


You could see Pikel.

Vanquished Creatures
  A slave (D:4)
  3 gnolls (D:2)
  4 adders
  An ooze (D:1)
  3 worms
  3 dart slugs (D:1)
  2 leopard geckos
  An orc (D:3)
  4 giant cockroaches
  6 goblins
  4 hobgoblins
  6 jackals
  4 kobolds (D:2)
  2 quokkas
  A ball python (D:1)
  7 bats
  4 frilled lizards
  9 rats
65 creatures vanquished.

Notes
Turn   | Place    | Note
-------+----------+-------------------------------------------
     0 | D:1      | grindst0ne the Centaur Hunter began the quest for the Orb.
     0 | D:1      | Reached XP level 1. HP: 17/17 MP: 1/1
   355 | D:1      | Reached XP level 2. HP: 25/25 MP: 2/2
   666 | D:1      | Reached skill level 6 in Bows
   693 | D:2      | Reached XP level 3. HP: 30/30 MP: 3/3
  1076 | D:2      | Reached XP level 4. HP: 38/38 MP: 4/4
  1158 | D:2      | Found a stormy altar of Qazlal.
  1432 | D:3      | Reached skill level 7 in Bows
  1462 | D:3      | Found an ancient bone altar of Kikubaaqudgha.
  2180 | D:3      | Found a sparkling altar of Nemelex Xobeh.
  2198 | D:3      | Reached XP level 5. HP: 43/46 MP: 5/5
  2512 | D:4      | Noticed a slave
  2527 | D:4      | Killed a slave
  2530 | D:4      | Noticed Pikel
  2531 | D:4      | Noticed a slave
  2532 | D:4      | Noticed a slave
  2537 | D:4      | Noticed a slave
  2548 | D:3      | Slain by Pikel

Skill      XL: |  1  2  3  4 |
---------------+-------------+-----
Bows           | 6 7 |  7.2
Fighting       | 3 |  3.8
Dodging        | |  1.3
Stealth        | |  0.4

Action                   |  1- 3 |  4- 6 || total
-------------------------+-------+-------++-------
Melee: Short sword       |     8 |       ||     8
       Kick              |     1 |       ||     1
 Fire: Shortbow          |   127 |   102 ||   229
  Use: Potion            |       |     2 ||     2
  Eat: Chunk             |       |     3 ||     3
Armor: Leather armour    |    28 |    10 ||    38
       Scale mail        |       |    19 ||    19
Dodge: Dodged            |    39 |    13 ||    52
